AoeStats
← Theminer

Nomad

509961816Analyzed
2v2 RM · 4d ago on Sep 28, 2026· 53m 19s· 4 players
Game mode
Random Map
Map size
176×176
Population
200
Speed
Normal
Resources
Standard
Victory
Conquest
Starting age
Dark Age
Ending age
Imperial Age
RankedLock teamsTeams togetherTeam positionsShared explorationLock speedFull tech treeHidden civsTurbo modeCheats
Victory
Defeat
🇦🇷 Sicilians · Argentina
1017
+13
🇦🇷 Bohemians · Argentina
1013
+13
🇩🇪 Spanish · Germany
969
-13
🇩🇪 Italians · Germany
947
-13
Inatas
5:13 Loom
14:32 Feudal Age
17:28 Fishing Lines
17:37 Double-Bit Axe
17:45 Gold Mining
19:49 Wheelbarrow
22:54 Castle Age
23:40 Demolition Ship
24:39 Bow Saw
27:19 Gillnets
33:31 Imperial Age
32:31 Hand Cart
36:02 Fletching
37:28 Chemistry
38:33 Scale Barding Armor
41:18 Forging
46:07 Squires
49:37 Forging
49:28 Scale Mail Armor
52:59 Chain Mail Armor
ShaggyClumpOfHair
4:50 Loom
13:35 Feudal Age
14:32 Double-Bit Axe
19:34 Castle Age
17:40 Gold Mining
17:56 Stone Mining
19:49 Fletching
21:03 Bloodlines
21:10 Fishing Lines
22:25 Padded Archer Armor
25:55 Leather Archer Armor
33:43 Wheelbarrow
37:33 Imperial Age
37:51 Town Watch
38:45 Conscription
38:31 Horse Collar
40:48 Bow Saw
46:29 Cavalier
49:25 Ring Archer Armor
51:51 Husbandry
Theminer
11:25 Loom
14:27 Feudal Age
19:14 Wheelbarrow
22:15 Castle Age
21:44 Double-Bit Axe
21:41 Horse Collar
22:10 Town Watch
23:03 Fletching
29:57 Fishing Lines
31:46 Bodkin Arrow
36:19 Imperial Age
35:39 Chemistry
43:51 Elite Cannon Galleon
47:16 Town Patrol
51:48 Padded Archer Armor
53:34 Conscription
Limón
4:06 Loom
5:44 Loom
15:15 Feudal Age
16:46 Double-Bit Axe
20:47 Forging
23:53 Castle Age
22:21 Fletching
24:05 Elite Skirmisher
32:03 Imperial Age
30:15 Wheelbarrow
30:18 Bodkin Arrow
30:23 Padded Archer Armor
39:38 Conscription
51:15 Hand Cart
Connection lost

Rejoining the realm…

Still unreachable

The connection could not be restored.

Session expired

The server has moved on; the page needs a fresh start.